 Seeded DCSS version 0.27.1-4-g1640c2035a (webtiles) character file.

Game seed: 20211109 (custom seed)

38 radhat240 the Bolt Thrower (level 3, 0/22 HPs)
             Began as a Kobold Hunter on Nov 10, 2021.
             Slain by a bat (1 damage)
             ... on level 2 of the Dungeon.
             The game lasted 00:04:22 (600 turns).

radhat240 the Bolt Thrower (Kobold Hunter)           Turns: 600, Time: 00:04:24

Health: 0/22       AC:  3    Str: 10    XL:     3   Next: 65%
Magic:  3/3        EV: 11    Int: 12    God:
Gold:   55         SH:  0    Dex: 15    Spells: 2/2 levels left

rFire    . . .     SeeInvis .   a - +1 hand crossbow
rCold    . . .     Faith    .   (shield restricted)
rNeg     . . .     Spirit   .   c - +0 leather armour
rPois    .         Reflect  .   (no helmet)
rElec    .         Harm     .   (no cloak)
rCorr    .         Rampage  .   (no gloves)
Will     .....                  (no boots)
Stlth    +++.......             (no amulet)
HPRegen  0.07/turn              (no ring)
MPRegen  0.08/turn              (no ring)

@: constricted
A: small, no large weapons, nightstalker 3
a: no special abilities


You were on level 2 of the Dungeon.
You visited 1 branch of the dungeon, and saw 3 of its levels.

You collected 55 gold pieces.

Inventory:

Hand Weapons
 a - a +1 hand crossbow (weapon)
 b - a +0 short sword
Missiles
 d - 11 bolts (quivered ammo)
Armour
 c - a +0 leather armour (worn)
Jewellery
 e - the amulet of Vitality {Regen+ HP+15}
   (You acquired it on level 1 of the Dungeon)

   [amulet of regeneration]

   HP:        It affects your health (+15).
   Regen:     It increases your rate of health regeneration.
Potions
 f - a potion of brilliance {unknown}


   Skills:
 + Level 2.7 Fighting
 + Level 5.2 Crossbows
 + Level 3.0 Dodging
 + Level 2.6 Stealth


You had 2 spell levels left.
You didn't know any spells.
Your spell library contained the following spells:

 Spells                   Type           Power      Damage    Failure   Level
 Stone Arrow              Conj/Erth      0%         3d7       80%         3
 Bolt of Magma            Conj/Fire/Erth 0%         4d4       100%        5
 Shatter                  Erth           0%         3d5*      100%        9


Dungeon Overview and Level Annotations

Branches:
Dungeon (3/15)

Altars:


Innate Abilities, Weirdness & Mutations

You are small and have problems with some larger weapons.
You are completely attuned to the shadows.


Message History

[Y]es or [N]o only, please.
Really attack while wielding your +1 hand crossbow?
Okay, then.
Fire: 12 bolts
Press: ? - help, Q - select action Shift-Dir - straight line, f - quokka
Aim: a quokka (57% to hit)
You shoot a bolt.
The bolt hits the quokka but does no damage.
The bat hits you but does no damage. The quokka closely misses you.
The ball python bites you but does no damage.
The ball python barely misses you.
The ball python bites you but does no damage.
The ball python grabs you. The ball python constricts you.
The quokka barely misses you. The ball python closely misses you.
Fire: 11 bolts
Press: ? - help, Q - select action Shift-Dir - straight line, f/p - quokka
Aim: a quokka (57% to hit)
You shoot a bolt. The bolt hits the quokka!
You kill the quokka!
The bat closely misses you. The ball python barely misses you.
The ball python constricts you. The ball python bites you. x2
* * * LOW HITPOINT WARNING * * *
The ball python constricts you.
You escape the ball python's grasp.
The bat barely misses you. x2
The ball python bites you but does no damage.
The ball python grabs you. The ball python constricts you.
* * * LOW HITPOINT WARNING * * *
Things that are here:
2 bolts; a quokka corpse
d - 12 bolts (gained 2)
The ball python barely misses you. The ball python constricts you.
The ball python bites you.
* * * LOW HITPOINT WARNING * * *
Fire: 12 bolts
Press: ? - help, Q - select action Shift-Dir - straight line, f - ball python
Aim: a ball python (constricting you, 63% to hit)
You shoot a bolt.
The bolt closely misses the ball python.
The bat hits you.
You die...

#..≈≈≈≈ .##......
....≈≈≈ #.b≈#
#≈.≈# #@≈# #≈.≈#
#SS###≈.≈###
#.≈≈≈≈≈.≈≈≈≈≈.≈≈ ≈
#(.............. .
#######.#.##..####
#.#.##......
#S#.........
#.#.##...###
#.#.##g..#


You could see a bat and 2 ball pythons.

Vanquished Creatures
  3 adders (D:2)
  A worm (D:2)
  A bat (D:2)
  A kobold (D:2)
  2 quokkas
  2 frilled lizards
  A rat (D:1)
11 creatures vanquished.

Vanquished Creatures (others)
  A plant (D:3)
1 creature vanquished.

Grand Total: 12 creatures vanquished

Notes
Turn   | Place    | Note
-------+----------+-------------------------------------------
     0 | D:1      | radhat240 the Kobold Hunter began the quest for the Orb.
     0 | D:1      | Reached XP level 1. HP: 12/12 MP: 1/1
    22 | D:1      | Identified a scroll of acquirement
    22 | D:1      | Acquired the amulet of Vitality {Regen+ HP+15}
    22 | D:1      | Found the amulet of Vitality {Regen+ HP+15}
   136 | D:1      | You fall into a shaft and drop 1 floor!
   141 | D:2      | Reached skill level 5 in Crossbows
   141 | D:2      | Reached XP level 2. HP: 18/18 MP: 2/2
   145 | D:2      | Reached XP level 3. HP: 15/22 MP: 3/3
   599 | D:2      | HP: 1/22 [ball python (3)]
   600 | D:2      | Slain by a bat

Illustrated notes

Levels and vault maps discovered:
D:1:      amcnicky_arrival_wind_blow, layout_basic,
          shapermc_ecumenical_altar_flowoftime
D:2:      layout_basic, minmay_misc_feat_secret_circle, kennysheep_boxes,
          uniq_sigmund
D:3:      layout_basic, serial_forest, infiniplex_forest_corner_1,
          infiniplex_forest_clump_small, infiniplex_forest_lined_room_,
          infiniplex_forest_clump_cross, infiniplex_forest_zigzag_1,
          infiniplex_forest_lined_2, infiniplex_forest_end_1, uniq_robin,
          uniq_terence

Skill      XL: |  1  2  3 |
---------------+----------+-----
Crossbows      | 5 |  5.2
Stealth        | 2 |  2.6
Dodging        | 3 |  3.0
Fighting       | |  2.7

Action                   || total
-------------------------++-------
 Fire: Hand crossbow     ||    30
  Use: Scroll            ||     1
Armor: Leather armour    ||    11
Dodge: Dodged            ||    38
